AoeStats
← Hello World

Fortress

509235204Analyzed
4v4 RM · 7d ago on Sep 26, 2026· 57m 37s· 8 players
Game mode
Random Map
Map size
Huge
Population
200
Speed
Normal
Resources
Standard
Victory
Conquest
Starting age
Dark Age
Ending age
Imperial Age
RankedLock teamsTeams togetherTeam positionsShared explorationLock speedFull tech treeHidden civsTurbo modeCheats
Victory
Defeat
🇦🇺 Slavs · Australia
1190
+15
🇹🇷 Burgundians · Türkiye
1055
+20
🇬🇧 Inca · United Kingdom
1036
+21
🇦🇷 Ethiopians · Argentina
1035
+21
🇲🇽 Saxons · Mexico
1188
-20
🇨🇱 Portuguese · Chile
1159
-20
🇯🇵 Hindustanis · Japan
1152
-19
🇺🇸 Vikings · United States
1126
-18
Hello World
7:28 Feudal Age
9:04 Horse Collar
11:31 Castle Age
9:39 Double-Bit Axe
10:35 Gold Mining
11:41 Loom
12:39 Bow Saw
12:44 Forging
12:47 Arson
20:01 Iron Casting
19:56 Scale Mail Armor
25:39 Chain Mail Armor
27:25 Town Watch
32:22 Imperial Age
31:14 Gold Shaft Mining
31:51 Chieftains
32:18 Town Patrol
32:48 Squires
33:30 Conscription
38:14 Blast Furnace
38:28 Stone Mining
39:07 Heavy Plow
Schalamax1
5:04 Loom
7:15 Feudal Age
7:39 Horse Collar
7:44 Double-Bit Axe
10:13 Gold Mining
13:48 Castle Age
11:43 Fletching
11:55 Padded Archer Armor
12:01 Scale Barding Armor
15:08 Bow Saw
19:09 Ballistics
23:30 Bodkin Arrow
25:02 Wheelbarrow
25:36 Gold Shaft Mining
24:56 Stone Mining
27:34 Leather Archer Armor
28:53 Thumb Ring
31:32 Imperial Age
30:52 Hand Cart
30:57 Bloodlines
30:48 Husbandry
30:53 Town Watch
32:33 Bracer
33:40 Chemistry
33:15 Ring Archer Armor
32:08 Cranequins
32:09 Heavy Mounted Crossbowman
35:38 Scale Mail Armor
35:49 Forging
38:06 Heavy Plow
38:47 Squires
38:33 Arson
39:15 Caravan
40:04 Crop Rotation
39:39 Gambesons
39:17 Man-at-Arms
39:56 Long Swordsman
41:31 Guilds
40:48 Two-Handed Swordsman
42:20 Champion
46:30 Chain Mail Armor
46:50 Iron Casting
45:53 Shield Wall
46:54 Conscription
46:51 Elite Varangian Guard
50:55 Two-Man Saw
Port Moresby
7:35 Feudal Age
9:43 Wheelbarrow
9:44 Double-Bit Axe
12:01 Castle Age
9:43 Horse Collar
10:24 Gold Mining
11:16 Padded Archer Armor
14:09 Bow Saw
14:35 Fletching
14:56 Heavy Plow
15:56 Loom
19:03 Hand Cart
20:22 Town Watch
23:34 Imperial Age
20:59 Stone Mining
21:49 Gold Shaft Mining
23:08 Stone Shaft Mining
22:36 Bodkin Arrow
22:57 Leather Archer Armor
22:53 Grand Trunk Road
24:39 Shatagni
27:36 Chemistry
28:38 Two-Man Saw
28:02 Bracer
28:55 Hoardings
33:48 Ring Archer Armor
35:38 Conscription
35:31 Forging
35:27 Scale Barding Armor
44:40 Thumb Ring
RoroAPC
7:37 Feudal Age
11:40 Castle Age
9:49 Fletching
10:30 Padded Archer Armor
11:21 Double-Bit Axe
12:03 Gold Mining
11:56 Horse Collar
12:09 Loom
13:17 Crossbowman
21:15 Wheelbarrow
21:44 Town Watch
22:17 Hand Cart
27:23 Imperial Age
25:40 Bow Saw
27:04 Leather Archer Armor
26:58 Bodkin Arrow
27:36 Town Patrol
29:15 Chemistry
28:37 Ballistics
27:59 Treadmill Crane
29:17 Conscription
29:22 Arquebus
29:22 Stone Mining
30:49 Elite Organ Gun
33:14 Pikeman
33:40 Gambesons
33:46 Gambesons
33:47 Arson
33:40 Halberdier
34:14 Elite Skirmisher
35:00 Thumb Ring
34:17 Arbalester
36:54 Ring Archer Armor
36:24 Bracer
43:06 Forging
43:02 Scale Barding Armor
42:57 Scale Mail Armor
squeezecheese21
2:00 Wheelbarrow
1:41 Double-Bit Axe
2:40 Horse Collar
8:19 Gold Mining
10:18 Feudal Age
11:26 Bow Saw
12:22 Heavy Plow
12:42 Forging
12:38 Scale Barding Armor
13:24 Gold Shaft Mining
12:51 Town Watch
13:42 Hand Cart
13:51 Stone Mining
14:23 Fletching
16:58 Castle Age
16:23 Loom
17:17 Stone Shaft Mining
17:19 Cavalier
20:45 Husbandry
25:46 Iron Casting
42:44 Chain Barding Armor
46:53 Crop Rotation
47:27 Two-Man Saw
50:29 Imperial Age
52:10 Conscription
52:23 Burgundian Vineyards
53:24 Paladin
54:58 Scale Mail Armor
58:36 Coinage
58:17 Guilds
Horahlooks
8:09 Feudal Age
12:19 Castle Age
11:00 Double-Bit Axe
11:21 Horse Collar
13:16 Bow Saw
17:20 Wheelbarrow
16:31 Loom
23:40 Heavy Plow
27:31 Imperial Age
25:55 Hand Cart
26:51 Forging
26:41 Scale Mail Armor
26:32 Fletching
26:42 Padded Archer Armor
26:54 Elite Skirmisher
26:59 Champi Runner
27:40 Squires
28:20 Iron Casting
28:09 Andean Sling
28:46 Ballistics
29:27 Chemistry
28:56 Conscription
29:21 Thumb Ring
29:19 Bodkin Arrow
29:40 Leather Archer Armor
29:19 Town Watch
30:11 Bracer
30:29 Chain Mail Armor
30:42 Thumb Ring
31:41 Elite Kamayuk
33:29 Ring Archer Armor
32:34 Champi Warrior
36:36 Plate Mail Armor
38:27 Treadmill Crane
42:10 Fabric Shields
47:34 Arson
nicolahsxas
2:25 Loom
6:46 Feudal Age
7:08 Horse Collar
7:16 Double-Bit Axe
9:02 Wheelbarrow
12:42 Castle Age
11:42 Gold Mining
12:05 Fletching
12:40 Padded Archer Armor
13:14 Crossbowman
14:19 Leather Archer Armor
18:52 Bodkin Arrow
19:06 Heavy Plow
22:27 Ballistics
23:04 Thumb Ring
25:24 Hand Cart
25:48 Forging
30:19 Imperial Age
30:12 Scale Mail Armor
30:48 Iron Casting
30:28 Arbalester
31:14 Bracer
32:22 Chemistry
34:16 Ring Archer Armor
34:47 Blast Furnace
34:03 Chain Mail Armor
33:37 Town Watch
40:01 Elite Shotel Warrior
41:33 Plate Mail Armor
45:21 Royal Heirs
46:09 Scale Barding Armor
45:53 Light Cavalry
46:34 Husbandry
46:45 Hussar
52:59 Capped Ram
53:57 Siege Ram
LiamJ5500
7:55 Feudal Age
8:46 Horse Collar
8:54 Double-Bit Axe
9:24 Loom
10:16 Loom
10:28 Loom
13:39 Castle Age
15:27 Wheelbarrow
16:32 Scale Barding Armor
16:39 Forging
18:00 Gold Mining
19:26 Scale Mail Armor
21:06 Squires
22:20 Gold Shaft Mining
22:39 Detinets
23:22 Man-at-Arms
24:15 Long Swordsman
25:33 Chain Mail Armor
25:54 Iron Casting
26:21 Pikeman
29:41 Imperial Age
30:02 Iron Casting
30:09 Two-Handed Swordsman
31:22 Plate Mail Armor
31:54 Blast Furnace
30:59 Druzhina
31:20 Conscription
31:19 Champion
34:56 Conscription
36:22 Siege Engineers
47:31 Elite Skirmisher
54:07 Light Cavalry
54:50 Husbandry
56:20 Chain Barding Armor
Connection lost

Rejoining the realm…

Still unreachable

The connection could not be restored.

Session expired

The server has moved on; the page needs a fresh start.